Selects Airborne Battlegroup
Selects Heavy Machine Gun Paradrop
Heavy Machine Gun Paradrop
Selects Paratrooper Squad Paradrop
Paratrooper Squad Paradrop
Paratrooper Squad Paradrop
Paratrooper Squad Paradrop
Construct Medical Station
Selects Dual P-47 Rocket Strike
Selects Anti-tank Gun Team Paradrop
M18 Hellcat Tank Destroyer
Heavy Machine Gun Paradrop
M18 Hellcat Tank Destroyer
M18 Hellcat Tank Destroyer
M18 Hellcat Tank Destroyer
M4(105) Sherman Bulldozer
Paratrooper Squad Paradrop
M4(105) Sherman Bulldozer